 Dungeon Crawl Stone Soup version 0.24.0-123-gd5b16e6ec5 (webtiles) character file.

Game seed: 790553125637935392, levelgen mode: deterministic

126 Elellon the Cudgeler (level 5, 0/32 HPs)
             Began as a Gargoyle Fighter on Jan 20, 2020.
             Killed by divine providence
             ... invoked by an orc priest
              (13 damage)
             ... on level 3 of the Dungeon.
             The game lasted 00:02:58 (1930 turns).

Elellon the Cudgeler (Gargoyle Fighter)             Turns: 1930, Time: 00:02:59

Health: 0/32       AC: 10    Str: 21    XL:     5   Next: 9%
Magic:  5/5        EV:  7    Int:  8    God:
Gold:   119        SH:  9    Dex:  9    Spells: 4/4 levels left

rFire    . . .     SeeInvis .   a - +0 flail
rCold    . . .     Gourm    .   c - +0 shield
rNeg     + . .     Faith    .   b - +0 scale mail
rPois    ∞         Spirit   .   n - +0 hat
rElec    +         Reflect  .   (no cloak)
rCorr    .         Harm     .   (no gloves)
MR       .....                  (no boots)
Stlth    ..........             (no amulet)
HPRegen  0.10/turn              (no ring)
MPRegen  0.09/turn              (no ring)

@: no status effects
A: negative energy resistance 1, electricity resistance, unbreathing,
petrification resistance, rot immunity, AC +4
a: no special abilities


You were on level 3 of the Dungeon.
You were not hungry.

You visited 1 branch of the dungeon, and saw 3 of its levels.

You collected 119 gold pieces.

Inventory:

Hand Weapons
 a - a +0 flail (weapon)
Armour
 b - a +0 scale mail (worn)
 c - a +0 shield (worn)
 n - a +0 hat (worn)
Scrolls
 e - 3 scrolls of immolation {unknown}
 j - a scroll of magic mapping {unknown}
 k - 3 scrolls of remove curse {unknown}
 l - a scroll of identify {unknown}
 o - a scroll of random uselessness {unknown}
 p - a scroll of fog {unknown}
Potions
 d - a potion of might
 h - a potion of agility {unknown}
 i - a potion of mutation {unknown}
 m - a potion of heal wounds {unknown}
 q - a potion of degeneration {unknown}
Comestibles
 f - 5 rations
 g - 6 chunks of flesh


   Skills:
 - Level 3.2 Fighting
 + Level 5.1 Maces & Flails
 - Level 3.2 Armour
 - Level 3.2 Shields


You had 4 spell levels left.
You didn't know any spells.
Your spell library was empty.

Dungeon Overview and Level Annotations

Branches:
Dungeon (3/15)

Altars:


Innate Abilities, Weirdness & Mutations

You are resistant to torment.
Your stone body is resilient. (AC +4)
You are immune to poison.
You resist negative energy. (rN+)
You are resistant to electric shocks. (rElec)
You can survive without breathing.
You are immune to petrification.
You are immune to rotting.


Message History

You are too injured to fight recklessly!
You are too injured to fight recklessly!
You are too injured to fight recklessly!
You are too injured to fight recklessly!
You are too injured to fight recklessly!
You are too injured to fight recklessly!
You hit the orc priest but do no damage.
The orc hits you but does no damage. You block the orc priest's attack.
You hit the orc priest but do no damage.
The orc hits you but does no damage.
The orc priest hits you but does no damage.
You block the orc wizard's attack.
You barely miss the orc priest. The orc hits you but does no damage.
You block the orc priest's attack.
The orc wizard hits you with a cursed +0 dagger.
Your shield and scale mail prevent you from hitting the orc priest.
The orc hits you but does no damage.
The orc priest calls down the wrath of Beogh upon you.
Beogh smites you!
You die...

####
##.#.#.#.#.#.#.#.#.#)#.#
#.#.#.#.#.#.#.#.#.#.#.#
##.#.#.#.#.#.#.#.#.#.#.#
.#.#.#.#.#.#.#.#.#.#.##
.#.#.#.#.#.#.#.#.#.#.#
.#.#.#...#.#.#.#.#.##
.#.#.#.#.#.#.#.#.#.#
.#.#.#o#.#.#.#.#.##
.#>#@#.#.#.#.#.#.#
#$#o#o#.#.#.#.#.##
#.#.#.#.#.#.#.#.#.#
#.#.#.#.#.#.#.#. ##
#.#.# .# #.#.#. #.#.#
#.#. .#.# #.# .# #.


You could see an orc priest, an orc wizard and an orc.

Vanquished Creatures
  An orc priest (D:2)
  2 adders
  2 worms
  4 dart slugs
  2 leopard geckos
  2 orcs
  4 giant cockroaches
  5 hobgoblins
  11 jackals
  A quokka (D:2)
  6 bats
  2 frilled lizards (D:2)
  5 goblins
  5 kobolds
  6 rats
58 creatures vanquished.

Notes
Turn   | Place    | Note
-------+----------+-------------------------------------------
     0 | D:1      | Elellon the Gargoyle Fighter began the quest for the Orb.
     0 | D:1      | Reached XP level 1. HP: 14/14 MP: 1/1
   103 | D:1      | Reached XP level 2. HP: 18/19 MP: 2/2
   308 | D:1      | Reached skill level 3 in Maces & Flails
   456 | D:1      | Reached XP level 3. HP: 21/23 MP: 3/3
  1010 | D:2      | Reached skill level 4 in Maces & Flails
  1114 | D:2      | Reached XP level 4. HP: 28/28 MP: 4/4
  1864 | D:3      | Reached skill level 5 in Maces & Flails
  1886 | D:3      | Reached XP level 5. HP: 32/32 MP: 5/5
  1930 | D:3      | Killed from afar by an orc priest

Levels and vault maps discovered:
D:1:      dpeg_arrival_arbitrary_a, layout_basic, minivault_25
D:2:      layout_loops_corners
D:3:      layout_basic, tgw_sif, first_ration, grunt_dithmenos_smoke

Skill      XL: |  1  2  3  4 |
---------------+-------------+-----
Maces & Flails | 3 4 5 |  5.1
Fighting       | |  3.2
Armour         | |  3.2
Shields        | |  3.2

Action                   |  1- 3 |  4- 6 || total
-------------------------+-------+-------++-------
Melee: Flail             |   114 |   106 ||   220
  Eat: Chunk             |     1 |     3 ||     4
Armor: Scale mail        |    58 |    51 ||   109
Dodge: Dodged            |    32 |    42 ||    74
Block: Shield            |    62 |    51 ||   113
